TOP OF THE 1ST |
York Revolution batting - Pitching for Galesburg Guzzlers : LHP Bob Mullinax
|
Pitching: LHP Bob Mullinax
|
|
Batting: SHB Gerardo Dueńas
|
0-0: Ball 1-0: Ball 2-0: Ball 3-0: Base on Balls
|
Batting: RHB Oscar Gandarilla
|
0-0: Ball 1-0: Called Strike 1-1: Swinging Strike 1-2: Ball Gerardo Dueńas steals 2nd base 2-2: SINGLE (Line Drive, 7S) Gerardo Dueńas to third
|
Batting: RHB Sherwood Lefebvre
|
0-0: Ball 1-0: Ball 2-0: Grounds into double play, 6-4-3 (Groundball, 6) Gerardo Dueńas scores
|
Batting: RHB Domingo Bravo
|
0-0: Ball 1-0: Ball 2-0: Foul Ball, location: 2F 2-1: Ball 3-1: Fly out, F8 (Flyball, 8RS)
|
Top of the 1st over - 1 run(s), 1 hit(s), 0 error(s), 0 left on base; York 1 - Galesburg 0 |
BOTTOM OF THE 1ST |
Galesburg Guzzlers batting - Pitching for York Revolution : RHP Behar Jusufi
|
Pitching: RHP Behar Jusufi
|
|
Batting: RHB Eun-bum Kim
|
0-0: Fly out, F9 (Flyball, 9LMF)
|
Batting: RHB Sébastien Bernard
|
0-0: Fly out, F8 (Flyball, 8LM)
|
Batting: RHB Toussiant L'Ouverture
|
0-0: Ball 1-0: Ball 2-0: Ball 3-0: Base on Balls
|
Batting: RHB Chet Hollis
|
0-0: Called Strike 0-1: Ball 1-1: Ball 2-1: Foul Ball, location: 2F 2-2: Ball 3-2: Foul Ball, location: 2F 3-2: Strikes out swinging, 2-3 out at first.
|
Bottom of the 1st over - 0 run(s), 0 hit(s), 0 error(s), 1 left on base; York 1 - Galesburg 0 |
TOP OF THE 2ND |
York Revolution batting - Pitching for Galesburg Guzzlers : LHP Bob Mullinax
|
Batting: RHB Obi Jones
|
0-0: Called Strike 0-1: Swinging Strike 0-2: Ball 1-2: Strikes out swinging
|
Batting: RHB Billy Hess
|
0-0: Foul Ball, location: 2F 0-1: Ball 1-1: Foul Ball, location: 2F 1-2: Strikes out swinging
|
Batting: RHB Donald Perry
|
0-0: Foul Ball, location: 2F 0-1: Ball 1-1: Ball 2-1: Foul Ball, location: 2F 2-2: Ball 3-2: Base on Balls
|
Batting: RHB Griffin Woodfinlevine
|
0-0: Called Strike 0-1: Ball 1-1: Ball Donald Perry is caught stealing 2nd base
|
Top of the 2nd over - 0 run(s), 0 hit(s), 0 error(s), 0 left on base; York 1 - Galesburg 0 |
BOTTOM OF THE 2ND |
Galesburg Guzzlers batting - Pitching for York Revolution : RHP Behar Jusufi
|
Batting: RHB Stephen Chávez
|
0-0: Called Strike 0-1: Swinging Strike 0-2: Ball 1-2: Ball 2-2: Strikes out swinging
|
Batting: RHB Fletcher Megarity
|
0-0: Called Strike 0-1: Ball 1-1: Ball 2-1: Foul Ball, location: 2F 2-2: Strikes out swinging
|
Batting: RHB Jack Cantrell
|
0-0: Ball 1-0: Ball 2-0: Ball 3-0: Base on Balls
|
Batting: RHB Jorge Velázquez
|
0-0: Called Strike 0-1: Ball 1-1: Ball 2-1: Ground out 5-3 (Groundball, 5S)
|
Bottom of the 2nd over - 0 run(s), 0 hit(s), 0 error(s), 1 left on base; York 1 - Galesburg 0 |
TOP OF THE 3RD |
York Revolution batting - Pitching for Galesburg Guzzlers : LHP Bob Mullinax
|
Batting: RHB Griffin Woodfinlevine
|
0-0: Called Strike 0-1: Ball 1-1: Swinging Strike 1-2: Strikes out swinging
|
Batting: RHB Carlos Meléndez
|
0-0: Ball 1-0: SINGLE (Groundball, 56S) (infield hit)
|
Batting: SHB Gerardo Dueńas
|
0-0: Ball 1-0: Fly out, F7 (Flyball, 7)
|
Batting: RHB Oscar Gandarilla
|
0-0: Called Strike 0-1: Foul Ball, location: 2F 0-2: Strikes out swinging
|
Top of the 3rd over - 0 run(s), 1 hit(s), 0 error(s), 1 left on base; York 1 - Galesburg 0 |
BOTTOM OF THE 3RD |
Galesburg Guzzlers batting - Pitching for York Revolution : RHP Behar Jusufi
|
Batting: LHB Marshall Willis
|
0-0: Called Strike 0-1: Called Strike 0-2: Ball 1-2: Foul Ball, location: 2F 1-2: SINGLE (Line Drive, 9S)
|
Batting: RHB Eun-bum Kim
|
0-0: Ball 1-0: Ball 2-0: Ball 3-0: Base on Balls Marshall Willis to second
|
Batting: RHB Sébastien Bernard
|
0-0: Ball 1-0: Called Strike 1-1: Swinging Strike 1-2: Ball 2-2: Strikes out swinging
|
Batting: RHB Toussiant L'Ouverture
|
0-0: Swinging Strike 0-1: SINGLE (Flyball, 89S) Marshall Willis to third Eun-bum Kim to second Throwing error, E9 Marshall Willis scores Eun-bum Kim to third Toussiant L'Ouverture to second
|
Batting: RHB Chet Hollis
|
0-0: Ball 1-0: Ball 2-0: Swinging Strike 2-1: Swinging Strike 2-2: Ball 3-2: Base on Balls
|
Batting: RHB Stephen Chávez
|
0-0: Ball 1-0: Ball 2-0: Called Strike 2-1: Ball 3-1: Foul Ball, location: 2F 3-2: Foul Ball, location: 2F 3-2: Strikes out swinging
|
Batting: RHB Fletcher Megarity
|
0-0: Ball 1-0: Ball 2-0: Fielders Choice at 2nd, 4-6 (Groundball, 4)
|
Bottom of the 3rd over - 1 run(s), 2 hit(s), 1 error(s), 2 left on base; York 1 - Galesburg 1 |
TOP OF THE 4TH |
York Revolution batting - Pitching for Galesburg Guzzlers : LHP Bob Mullinax
|
Batting: RHB Sherwood Lefebvre
|
0-0: Ball 1-0: Ball 2-0: Ground out 6-3 (Groundball, 6)
|
Batting: RHB Domingo Bravo
|
0-0: Called Strike 0-1: Ball 1-1: Foul Ball, location: 2F 1-2: Ball 2-2: Ball 3-2: Base on Balls
|
Batting: RHB Obi Jones
|
0-0: Called Strike 0-1: Ball 1-1: Called Strike 1-2: Ball 2-2: Fly out, F8 (Flyball, 8RM)
|
Batting: RHB Billy Hess
|
Pickoff Throw to First - Error! E1 Domingo Bravo to second 0-0: Ball 1-0: Ball 2-0: Ground out 6-3 (Groundball, 6)
|
Top of the 4th over - 0 run(s), 0 hit(s), 1 error(s), 1 left on base; York 1 - Galesburg 1 |
BOTTOM OF THE 4TH |
Galesburg Guzzlers batting - Pitching for York Revolution : RHP Behar Jusufi
|
Batting: RHB Jack Cantrell
|
0-0: Called Strike 0-1: Swinging Strike 0-2: Foul Ball, location: 2F 0-2: Ball 1-2: Foul Ball, location: 2F 1-2: Ball 2-2: Foul Ball, location: 2F 2-2: Ball 3-2: Strikes out swinging
|
Batting: RHB Jorge Velázquez
|
0-0: Ball 1-0: Called Strike 1-1: Called Strike 1-2: Foul Ball, location: 2F 1-2: Fly out, F8 (Flyball, 8RS)
|
Batting: LHB Marshall Willis
|
0-0: Called Strike 0-1: Ball 1-1: Ball 2-1: Foul Ball, location: 2F 2-2: Foul Ball, location: 2F 2-2: Strikes out swinging
|
Bottom of the 4th over - 0 run(s), 0 hit(s), 0 error(s), 0 left on base; York 1 - Galesburg 1 |
TOP OF THE 5TH |
York Revolution batting - Pitching for Galesburg Guzzlers : LHP Bob Mullinax
|
Batting: RHB Donald Perry
|
0-0: Ball 1-0: Called Strike 1-1: Ball 2-1: Foul Ball, location: 2F 2-2: Foul Ball, location: 2F 2-2: Fly out, F9 (Flyball, 89S)
|
Batting: RHB Griffin Woodfinlevine
|
0-0: Foul Ball, location: 2F 0-1: SINGLE (Groundball, 56S) (infield hit)
|
Batting: RHB Carlos Meléndez
|
0-0: Swinging Strike 0-1: Called Strike 0-2: Ball 1-2: Strikes out swinging
|
Batting: SHB Gerardo Dueńas
|
0-0: Ball 1-0: Foul Ball, location: 2F 1-1: Ball 2-1: SINGLE (Flyball, 6MD) Griffin Woodfinlevine to second Runner from 2nd tries for 3rd, SAFE, no throw
|
Batting: RHB Oscar Gandarilla
|
0-0: Ball 1-0: Swinging Strike 1-1: Ball 2-1: SINGLE (Groundball, 34D) Griffin Woodfinlevine scores Gerardo Dueńas to second Runner from 2nd tries for 3rd, SAFE, no throw
|
Batting: RHB Sherwood Lefebvre
|
0-0: Ball 1-0: Fly out, F4 (Popup, 4)
|
Top of the 5th over - 1 run(s), 3 hit(s), 0 error(s), 2 left on base; York 2 - Galesburg 1 |
BOTTOM OF THE 5TH |
Galesburg Guzzlers batting - Pitching for York Revolution : RHP Behar Jusufi
|
Batting: RHB Eun-bum Kim
|
0-0: Ball 1-0: Ball 2-0: Called Strike 2-1: SINGLE (Line Drive, 7S)
|
Batting: RHB Sébastien Bernard
|
0-0: Ball 1-0: Bunted foul 1-1: Bunted foul 1-2: SINGLE (Flyball, 8RS) Eun-bum Kim to second
|
Batting: RHB Toussiant L'Ouverture
|
0-0: Called Strike 0-1: Ball Eun-bum Kim steals 3rd base Sébastien Bernard to second 1-1: Swinging Strike 1-2: Ball 2-2: Strikes out swinging
|
Pitching: RHP Matthew Lydick
|
|
Batting: RHB Chet Hollis
|
0-0: Ball 1-0: SINGLE (Groundball, 3D) Eun-bum Kim scores Sébastien Bernard to third Runner from 3rd tries for Home, SAFE, no throw
|
Batting: RHB Stephen Chávez
|
0-0: Ball 1-0: Ball 2-0: Called Strike 2-1: Foul Ball, location: 2F 2-2: Ground out 6-3 (Groundball, 6S) Chet Hollis to second
|
Batting: RHB Fletcher Megarity
|
0-0: Called Strike 0-1: Hit by Pitch
|
Batting: RHB Jack Cantrell
|
0-0: SINGLE (Flyball, 9LS) Chet Hollis to third Fletcher Megarity to second Runner from 3rd tries for Home, SAFE, no throw
|
Batting: RHB Jorge Velázquez
|
0-0: Swinging Strike 0-1: Foul Ball, location: 2F 0-2: Ball 1-2: Foul Ball, location: 2F 1-2: Foul Ball, location: 2F 1-2: Foul Ball, location: 2F 1-2: Strikes out swinging
|
Bottom of the 5th over - 3 run(s), 4 hit(s), 0 error(s), 2 left on base; York 2 - Galesburg 4 |
TOP OF THE 6TH |
York Revolution batting - Pitching for Galesburg Guzzlers : LHP Bob Mullinax
|
Batting: RHB Domingo Bravo
|
0-0: Ball 1-0: Foul Ball, location: 2F 1-1: Swinging Strike 1-2: Foul Ball, location: 2F 1-2: Fly out, F8 (Flyball, 89M)
|
Batting: RHB Obi Jones
|
0-0: Foul Ball, location: 2F 0-1: Ball 1-1: Swinging Strike 1-2: Foul Ball, location: 2F 1-2: Foul Ball, location: 2F 1-2: Fly out, F8 (Flyball, 8RM)
|
Batting: RHB Billy Hess
|
0-0: Ball 1-0: Called Strike 1-1: Ball 2-1: Ball 3-1: Foul Ball, location: 2F 3-2: Base on Balls
|
Batting: RHB Donald Perry
|
0-0: Foul Ball, location: 2F 0-1: Ball 1-1: Foul Ball, location: 2F 1-2: Ball 2-2: Foul Ball, location: 2F 2-2: Strikes out swinging
|
Top of the 6th over - 0 run(s), 0 hit(s), 0 error(s), 1 left on base; York 2 - Galesburg 4 |
BOTTOM OF THE 6TH |
Galesburg Guzzlers batting - Pitching for York Revolution : RHP Matthew Lydick
|
Batting: LHB Marshall Willis
|
0-0: Called Strike 0-1: Called Strike 0-2: DOUBLE (Line Drive, 7LM)
|
Batting: RHB Eun-bum Kim
|
0-0: Ball 1-0: Foul Ball, location: 2F 1-1: Called Strike 1-2: Foul Ball, location: 2F 1-2: Ground out 4-3 (Groundball, 4) Marshall Willis to third
|
Batting: RHB Sébastien Bernard
|
0-0: Ground out 5-3 (Groundball, 56) Marshall Willis scores
|
Batting: RHB Toussiant L'Ouverture
|
0-0: Called Strike 0-1: Foul Ball, location: 2F 0-2: Ball 1-2: Ball 2-2: Ball 3-2: Foul Ball, location: 2F 3-2: Fly out, F4 (Popup, 34)
|
Bottom of the 6th over - 1 run(s), 1 hit(s), 0 error(s), 0 left on base; York 2 - Galesburg 5 |
TOP OF THE 7TH |
York Revolution batting - Pitching for Galesburg Guzzlers : LHP Bob Mullinax
|
Batting: RHB Griffin Woodfinlevine
|
0-0: Called Strike 0-1: Ball 1-1: Swinging Strike 1-2: Foul Ball, location: 2F 1-2: Strikes out swinging
|
Batting: RHB Carlos Meléndez
|
0-0: DOUBLE (Line Drive, 7LM)
|
Batting: SHB Gerardo Dueńas
|
0-0: Ground out 4-3 (Groundball, 4M) Carlos Meléndez to third
|
Batting: RHB Oscar Gandarilla
|
0-0: Ball 1-0: Swinging Strike 1-1: SINGLE (Groundball, 4MD) Carlos Meléndez scores
|
Batting: RHB Sherwood Lefebvre
|
0-0: Called Strike 0-1: Ball 1-1: Called Strike 1-2: Ball 2-2: Foul Ball, location: 2F 2-2: Ground out 5-3 (Groundball, 5L)
|
Top of the 7th over - 1 run(s), 2 hit(s), 0 error(s), 1 left on base; York 3 - Galesburg 5 |
BOTTOM OF THE 7TH |
Galesburg Guzzlers batting - Pitching for York Revolution : RHP Matthew Lydick
|
Batting: RHB Chet Hollis
|
0-0: Swinging Strike 0-1: Swinging Strike 0-2: Ball 1-2: Foul Ball, location: 2F 1-2: SINGLE (Groundball, 4MD)
|
Batting: RHB Stephen Chávez
|
0-0: Called Strike 0-1: Reached on error, E4 (Groundball, 4) Chet Hollis to second
|
Pinch Hitting: LHB Armando Rodríguez
|
0-0: Fielders Choice at 2nd, 3-6 (Groundball, 34) Chet Hollis to third
|
Batting: RHB Jack Cantrell
|
0-0: Foul Ball, location: 2F 0-1: Ball 1-1: Foul Ball, location: 2F 1-2: Ground out 6-3 (Groundball, 6S) Chet Hollis scores Armando Rodríguez to second
|
Pitching: LHP Xavier Medina
|
|
Batting: RHB Jorge Velázquez
|
0-0: Ball 1-0: Ball 2-0: Foul Ball, location: 2F 2-1: Ground out U3 (Groundball, 3)
|
Bottom of the 7th over - 1 run(s), 1 hit(s), 1 error(s), 1 left on base; York 3 - Galesburg 6 |
TOP OF THE 8TH |
York Revolution batting - Pitching for Galesburg Guzzlers : LHP Bob Mullinax
|
Pitching: RHP Geoff Stackhouse
|
|
Now at 2B: Paolo van Ginderen
|
|
Batting: RHB Domingo Bravo
|
0-0: Swinging Strike 0-1: Called Strike 0-2: Strikes out looking
|
Batting: RHB Obi Jones
|
0-0: Called Strike 0-1: Ball 1-1: Swinging Strike 1-2: Ground out 4-3 (Groundball, 4)
|
Batting: RHB Billy Hess
|
0-0: Called Strike 0-1: Ball 1-1: Foul Ball, location: 2F 1-2: Hit by Pitch
|
Pitching: RHP Vicente Escamilla
|
|
Batting: RHB Donald Perry
|
0-0: Ball 1-0: Called Strike 1-1: Ball 2-1: Called Strike 2-2: Fly out, F9 (Flyball, 89M)
|
Top of the 8th over - 0 run(s), 0 hit(s), 0 error(s), 1 left on base; York 3 - Galesburg 6 |
BOTTOM OF THE 8TH |
Galesburg Guzzlers batting - Pitching for York Revolution : LHP Xavier Medina
|
Batting: LHB Marshall Willis
|
0-0: Ball 1-0: Called Strike 1-1: Foul Ball, location: 2F 1-2: Ball 2-2: Strikes out swinging
|
Batting: RHB Eun-bum Kim
|
0-0: Swinging Strike 0-1: Ball 1-1: Ground out 4-3 (Groundball, 4M)
|
Batting: RHB Sébastien Bernard
|
0-0: Ground out 6-3 (Groundball, 6)
|
Bottom of the 8th over - 0 run(s), 0 hit(s), 0 error(s), 0 left on base; York 3 - Galesburg 6 |
TOP OF THE 9TH |
York Revolution batting - Pitching for Galesburg Guzzlers : RHP Vicente Escamilla
|
Pitching: RHP Ieyoshi Asai
|
|
Batting: RHB Griffin Woodfinlevine
|
0-0: Foul Ball, location: 2F 0-1: Fly out, F9 (Flyball, 9S)
|
Batting: RHB Carlos Meléndez
|
0-0: Swinging Strike 0-1: Called Strike 0-2: Strikes out swinging
|
Batting: SHB Gerardo Dueńas
|
0-0: Ball 1-0: SINGLE (Line Drive, 4D)
|
Batting: RHB Oscar Gandarilla
|
0-0: Ball 1-0: Ball 2-0: Foul Ball, location: 2F 2-1: Called Strike 2-2: Fly out, F8 (Flyball, 89M)
|
Top of the 9th over - 0 run(s), 1 hit(s), 0 error(s), 1 left on base; York 3 - Galesburg 6 |
|